 Dungeon Crawl Stone Soup version 0.22-a0-469-gf26638a (webtiles) character file.

14583 galech the Fighter (level 12, -7/199 HPs)
             Began as an Ogre Berserker on June 12, 2018.
             Was a High Priest of Trog.
             Mangled by an orc warrior
             ... wielding a +0 halberd
              (26 damage)
             ... on level 2 of the Orcish Mines.
             The game lasted 00:26:42 (16052 turns).

galech the Fighter (Ogre Berserker)                Turns: 16052, Time: 00:26:43

Health: -7/199     AC:  5    Str: 33    XL:     12   Next: 18%
Magic:  12/12      EV: 13    Int:  8    God:    Trog [*****.]
Gold:   1410       SH:  0    Dex:  8    Spells: 11/11 levels left

rFire    . . .     SeeInvis +   p - +2 mace (drain)
rCold    . . .     Gourm    .   (no shield)
rNeg     . . .     Faith    .   P - +1 animal skin
rPois    .         Spirit   .   (helmet restricted)
rElec    .         Reflect  .   u - +0 cloak
rCorr    .         Harm     .   (gloves unavailable)
MR       +++..                  (boots unavailable)
Stlth    ..........             C - amulet of the acrobat
HPRegen  1.43/turn              S - ring of see invisible
MPRegen  0.13/turn              y - ring of loudness (curse)

@: berserking, regenerating, very quick
A: large, unfitting armour, tough skin 1
a: Berserk, Trog's Hand, Brothers in Arms, Renounce Religion


You were on level 2 of the Orcish Mines.
You worshipped Trog.
Trog was extremely pleased with you.
You were very hungry.

You visited 2 branches of the dungeon, and saw 12 of its levels.

You collected 1582 gold pieces.
You spent 172 gold pieces at shops.

Inventory:

Hand Weapons
 p - a +2 mace of draining (weapon)
 v - a +1 flail of protection
Armour
 b - a +0 animal skin
 u - a +0 cloak (worn)
 G - a +0 robe of fire resistance
 M - a +0 robe of magic resistance
 P - a +1 animal skin (worn)
 U - a +0 robe of positive energy
Jewellery
 h - an uncursed ring of magical power
 j - an uncursed ring of magical power
 x - an uncursed ring of positive energy
 y - a cursed ring of loudness (right hand)
 C - an amulet of the acrobat (around neck)
 O - the ring of the Original Sin {*Tele MR+}
   (You took it off an orc priest on level 9 of the Dungeon)

   [ring of teleportation]

   It may teleport you next to monsters.
   It affects your resistance to hostile enchantments.
 Q - an uncursed ring of magical power
 S - a ring of see invisible (left hand)
Wands
 z - a wand of iceblast (11)
 A - a wand of polymorph (5)
 H - a wand of flame (20)
 T - a wand of acid (5)
Scrolls
 a - a scroll of fear
 e - 9 scrolls of teleportation
 k - 3 scrolls of amnesia
 m - 4 scrolls of remove curse
 o - 5 scrolls of magic mapping
 r - 2 scrolls of enchant armour
 s - 3 scrolls of fog
 t - 3 scrolls of immolation
 D - 2 scrolls of enchant weapon
 F - a scroll of noise
 N - a scroll of random uselessness {unknown}
Potions
 d - 7 potions of curing
 f - 3 potions of lignification {unknown}
 i - 4 potions of mutation {unknown}
 l - 2 potions of brilliance {unknown}
 n - 2 potions of agility {unknown}
 q - 2 potions of magic {unknown}
 B - a potion of flight {unknown}
 E - 2 potions of haste {unknown}
 I - 2 potions of degeneration {unknown}
 J - a potion of ambrosia {unknown}
 K - a potion of heal wounds
 L - a potion of berserk rage {unknown}
 R - a potion of invisibility {unknown}
Comestibles
 c - 14 rations


   Skills:
 + Level 12.5 Fighting
 + Level 12.3 Maces & Flails
 + Level 9.6 Dodging
 + Level 2.8 Stealth


You had 11 spell levels left.
You didn't know any spells.
Your spell library was empty.

Dungeon Overview and Level Annotations

Branches:
Dungeon (10/15)            Temple (0/1) D:6             Orc (2/2) D:10
    Elf (0/3) Orc:2
   Lair: D:8-11

Altars:
Dithmenos
Elyvilon
Fedhas
Gozag
Qazlal
Sif Muna
Uskayaw
Yredelemnul
The Shining One
Beogh

Shops:
D:8 ((!   Orc:1 *   Orc:2 *!(:


Innate Abilities, Weirdness & Mutations

You are too large for most types of armour.
You have tough skin. (AC +1)


Message History

The orc knight is almost dead.
The orc warrior hits you from afar with a halberd!!
The orc knight misses you.
The orc high priest hits you with a long sword!
* * * LOW HITPOINT WARNING * * *
A red film seems to cover your vision as you go berserk!
You feel yourself moving faster!
You feel mighty!
You are feeling very hungry.
The orc warrior no longer looks unusually strong.
The orc warrior hits you from afar with a halberd!!
* * * LOW HITPOINT WARNING * * *
The orc knight barely misses you.
The orc high priest hits you with a long sword!
* * * LOW HITPOINT WARNING * * *
You hit the orc knight. You drain the orc knight!
The orc knight is almost dead.
You barely miss the orc knight.
The orc knight is almost dead.
The orc warrior hits you from afar with a halberd!!
You die...

)....#### #...÷o.÷.#.#.........
......## ##..o...##))..[......
.......## #∩....∩#..o.........
......#.## ##....##............
.........# ##∩∩###.oo.........
........## ####..............
.......## #..............
........# #### ####.[.........#..
#.......###..###@#[.)..[.........
..............#.ooo.#...#.......#
......#.......[))#.##............
.......##.##...[######..........#
..#.....#####.### ###.........
..###...# ### ##..........
...###.## #.....#..... #.## ###
##.#........ ### ####.##..##


You could see an orc knight, an orc high priest and an orc warrior.

Vanquished Creatures
  A stone giant (Orc:1)
  A two-headed ogre (D:10)
  2 orc high priests (Orc:2)
  The ghost of Scuka the Changer, a novice DrTm of Makhleb (D:8)
  Pikel (D:5)
  3 orc knights
  2 orc sorcerers (Orc:2)
  A cyclops (Orc:1)
  Psyche (D:9)
  Joseph (D:9)
  A troll (Orc:1)
  Prince Ribbit (D:8)
  Sigmund (D:2)
  Grum (D:10)
  3 wargs
  A soldier ant (D:8)
  A sky beast (D:8)
  22 orc warriors
  A necrophage (D:7)
  3 slaves
  An ice beast (D:8)
  2 phantoms
  9 centaurs
  6 ogres
  2 wolves (D:10)
  A crocodile (D:8)
  Blork the orc (D:6)
  A big kobold (D:8)
  6 bullfrogs
  2 scorpions
  4 killer bees (D:6)
  3 howler monkeys (D:7)
  4 crimson imps
  2 hounds
  17 orc priests
  A bullfrog skeleton (D:5)
  A jelly (D:8)
  Jessica (D:3)
  An iguana (D:7)
  3 worker ants
  20 orc wizards
  A hound zombie (D:6)
  2 hound skeletons
  2 howler monkey zombies
  15 adders
  2 shadow imps
  An ooze (D:6)
  An adder zombie (D:7)
  An adder skeleton (D:5)
  3 worms
  8 leopard geckos
  71 orcs
  A ball python (D:2)
  6 giant cockroaches
  12 goblins
  6 hobgoblins
  9 jackals
  6 quokkas
  7 bats
  5 frilled lizards
  A jackal zombie (D:6)
  4 kobolds (D:2)
  A kobold zombie (D:8)
  3 quokka skeletons
  A quokka zombie (D:8)
  8 rats
314 creatures vanquished.

Vanquished Creatures (others)
  An orc wizard (Orc:2)
  An orc priest (Orc:2)
  A giant cockroach (D:6)
3 creatures vanquished.

Grand Total: 317 creatures vanquished

Notes
Turn   | Place    | Note
-------+----------+-------------------------------------------
     0 | D:1      | galech the Ogre Berserker began the quest for the Orb.
     0 | D:1      | Reached XP level 1. HP: 24/24 MP: 1/1
    98 | D:1      | Reached XP level 2. HP: 32/32 MP: 2/2
   824 | D:2      | Found a blossoming altar of Fedhas.
   828 | D:2      | Reached XP level 3. HP: 40/40 MP: 3/3
   859 | D:2      | Noticed Sigmund
   866 | D:2      | Killed Sigmund
   866 | D:2      | Reached skill level 5 in Fighting
   866 | D:2      | Reached XP level 4. HP: 50/50 MP: 4/4
   866 | D:2      | Reached XP level 5. HP: 57/57 MP: 5/5
   999 | D:2      | Reached ** piety under Trog
  1651 | D:3      | Reached XP level 6. HP: 46/66 MP: 6/6
  1673 | D:3      | Noticed Jessica
  1783 | D:3      | Killed Jessica
  1942 | D:3      | Reached *** piety under Trog
  2108 | D:3      | Reached skill level 5 in Maces & Flails
  2352 | D:4      | Reached XP level 7. HP: 72/74 MP: 7/7
  3116 | D:4      | Found a glowing golden altar of the Shining One.
  3256 | D:4      | Reached skill level 1 in Stealth
  3663 | D:5      | Entered Level 5 of the Dungeon
  3840 | D:5      | Found Paphapt's Food Boutique.
  4199 | D:6      | Reached XP level 8. HP: 82/84 MP: 8/8
  4247 | D:6      | Reached **** piety under Trog
  4335 | D:6      | Found a staircase to the Ecumenical Temple.
  4697 | D:6      | Noticed Pikel
  4951 | D:5      | Killed Pikel
  4951 | D:5      | Reached skill level 5 in Dodging
  5242 | D:6      | Reached XP level 9. HP: 59/97 MP: 9/9
  5527 | D:6      | Noticed Blork the orc
  5535 | D:6      | Killed Blork the orc
  6755 | D:7      | Found an opulent altar of Gozag.
  6880 | D:7      | Found a shadowy altar of Dithmenos.
  7726 | D:8      | Noticed Prince Ribbit
  7745 | D:8      | Killed Prince Ribbit
  7777 | D:8      | Reached XP level 10. HP: 72/106 MP: 10/10
  8185 | D:8      | Found a white marble altar of Elyvilon.
  8247 | D:8      | Found a runed door.
  8247 | D:8      | Noticed Scuka's ghost (novice DrTm)
  8270 | D:8      | Killed Scuka's ghost
  8270 | D:8      | Reached skill level 10 in Fighting
  8273 | D:8      | Found a basalt altar of Yredelemnul.
  8275 | D:8      | Reached ***** piety under Trog
  8325 | D:8      | Found a hide-covered altar of Uskayaw.
  8440 | D:8      | Found Tejapn's Weapon Emporium.
  8611 | D:8      | Found Oxiutre's Weapon Boutique.
  8691 | D:8      | Found Apnyeck's Distillery.
  8714 | D:8      | Bought a potion of heal wounds for 75 gold pieces
  8714 | D:8      | Bought a potion of curing for 45 gold pieces
  8932 | D:9      | Found a stormy altar of Qazlal.
  8971 | D:9      | Reached skill level 10 in Maces & Flails
  9090 | D:9      | Noticed Psyche
  9097 | D:9      | Killed Psyche
  9222 | D:9      | Got a shimmering granite ring
  9289 | D:9      | Noticed Joseph
  9308 | D:9      | Killed Joseph
  9513 | D:10     | Entered Level 10 of the Dungeon
  9519 | D:10     | Noticed Grum
  9535 | D:10     | Killed Grum
  9556 | D:10     | Identified the ring of the Original Sin {*Tele MR+} (You took it off an orc priest on level 9 of the Dungeon)
  9775 | D:10     | Noticed a two-headed ogre
  9873 | D:10     | Found a staircase to the Orcish Mines.
  9927 | D:10     | Killed a two-headed ogre
  9927 | D:10     | Reached XP level 11. HP: 17/119 MP: 11/11
 10725 | Orc:1    | Entered Level 1 of the Orcish Mines
 10823 | Orc:1    | Noticed a stone giant
 10842 | Orc:1    | HP: 8/178 [stone giant (12)]
 10845 | Orc:1    | Killed a stone giant
 10862 | Orc:1    | Found Sasauff's Assorted Antiques.
 11238 | Orc:1    | Noticed a cyclops
 11271 | Orc:1    | Killed a cyclops
 11306 | Orc:1    | Bought a scroll of identify for 52 gold pieces
 11378 | Orc:1    | Found a deep blue altar of Sif Muna.
 11503 | Orc:1    | Found a roughly hewn altar of Beogh.
 11697 | Orc:2    | Entered Level 2 of the Orcish Mines
 11697 | Orc:2    | Found a staircase to the Elven Halls.
 11737 | Orc:2    | Noticed an orc sorcerer
 11739 | Orc:2    | Paralysed by an orc sorcerer for 2 turns
 11741 | Orc:2    | Noticed a sixfirhy
 11749 | Orc:2    | Killed an orc sorcerer
 11932 | Orc:1    | Received a gift from Trog
 12959 | Orc:2    | Noticed an orc knight
 13192 | Orc:1    | Killed an orc knight
 14270 | Orc:2    | Noticed an orc high priest
 14275 | Orc:2    | Noticed a sun demon
 14278 | Orc:2    | Found Keupisun's Book Shop.
 14278 | Orc:2    | Found Luko's Assorted Antiques.
 14278 | Orc:2    | Found Atowef's Antique Weapon Shop.
 14278 | Orc:2    | Found Nogrun's Distillery.
 14278 | Orc:2    | Noticed an orc sorcerer
 14278 | Orc:2    | Noticed an orc knight
 14278 | Orc:2    | Noticed an orc knight
 14278 | Orc:2    | Noticed an orc sorcerer
 14278 | Orc:2    | Noticed an orc knight
 14278 | Orc:2    | Noticed an orc high priest
 14278 | Orc:2    | Noticed an orc sorcerer
 14278 | Orc:2    | Noticed an orc high priest
 14279 | Orc:2    | Noticed an orc high priest
 14552 | Orc:2    | Noticed a sixfirhy
 14671 | Orc:2    | Noticed a sun demon
 14755 | Orc:2    | Noticed a sixfirhy
 14756 | Orc:2    | Noticed a soul eater
 14915 | Orc:2    | Killed an orc high priest
 15465 | Orc:2    | Killed an orc knight
 15465 | Orc:2    | Reached XP level 12. HP: 108/133 MP: 12/12
 15557 | Orc:2    | Noticed a sun demon
 15559 | Orc:2    | Noticed a soul eater
 15650 | Orc:2    | Killed an orc high priest
 16052 | Orc:2    | Mangled by an orc warrior

Vault maps used:
D:1:      minmay_arrival_diagonal_passages, lemuel_flame_loot_1
D:2:      fedhas_altar_3, minmay_misc_feat_plants, minmay_pentomino_t2,
          uniq_sigmund
D:3:      wad_pebble_path, uniq_jessica
D:4:      lemuel_doored_altar, first_ration
D:5:      serial_shops, nicolae_shop_window_shopping, minmay_misc_feat_rows,
          kennysheep_big_empty_room
D:6:      minmay_temple_entry_hall, uniq_blork_the_orc, uniq_pikel
D:7:      nicolae_gozag_seed_capital, grunt_ministairs_1,
          nicolae_dithmenos_the_darkroom
D:8:      kennysheep_little_box, overflow_temple_1_default, serial_shops,
          kennysheep_mini, shop_statue, nicolae_shop_behind_doors,
          blue_anna_alchemist, dk_yredelemnul_ordeal, uniq_prince_ribbit1
D:9:      nicolae_overflow_crystal_walls, uniq_joseph, uniq_psyche
D:10:     erik_orc_4, uniq_grum
Orc:1:    serial_shops, shop_fountains, basic_altar, led_sif_book
Orc:2:    grunt_orc_tribal_feast

Skill      XL: |  1  2  3  4  5  6  7  8  9 10 11 |
---------------+----------------------------------+-----
Maces & Flails | 3 4 5 6 7 9 10 12 | 12.3
Fighting       | 5 6 8 9 11 12 | 12.5
Dodging        | 3 4 5 7 8 9 |  9.6
Stealth        | 1 2 |  2.8

Action                   |  1- 3 |  4- 6 |  7- 9 | 10-12 || total
-------------------------+-------+-------+-------+-------++-------
Melee: Mace              |    37 |   148 |   430 |   619 ||  1234
Invok: Berserk           |     1 |       |     6 |    11 ||    18
       Trog's Hand       |       |       |     2 |     9 ||    11
  Use: Scroll            |       |       |       |    14 ||    14
       Potion            |       |       |       |     2 ||     2
 Stab: Sleeping          |       |     1 |       |       ||     1
  Eat: Chunk             |       |     6 |    17 |    32 ||    55
       Ration            |       |       |     2 |     2 ||     4
Armor: Animal skin       |     7 |    53 |    88 |    57 ||   205
       Robe              |       |       |       |     2 ||     2
Dodge: Dodged            |    22 |    96 |   303 |   395 ||   816

Table legend:
 A = Spawn XP
 B = Non-spawn XP
 C = Spawn XP percentage of total XP
 D = Spawn monster count
 E = Non-spawn monster count
 F = Spawn count percentage of total count
 G = Total turns spent on level
                    A         B        C        D         E        F      G
               +---------+---------+-------+---------+---------+-------+---------
         Total |       0 |   20834 |   0.0 |       0 |     312 |   0.0 | 16052
               +---------+---------+-------+---------+---------+-------+---------
           D:1 |       0 |      18 |   0.0 |       0 |      10 |   0.0 |   518
           D:2 |       0 |     265 |   0.0 |       0 |      28 |   0.0 |  1050
           D:3 |       0 |     160 |   0.0 |       0 |      32 |   0.0 |   615
           D:4 |       0 |     586 |   0.0 |       0 |      30 |   0.0 |  1480
           D:5 |       0 |     910 |   0.0 |       0 |      10 |   0.0 |  1287
           D:6 |       0 |    1124 |   0.0 |       0 |      29 |   0.0 |  1649
           D:7 |       0 |    1240 |   0.0 |       0 |      27 |   0.0 |  1126
           D:8 |       0 |    2176 |   0.0 |       0 |      19 |   0.0 |  1018
           D:9 |       0 |    1651 |   0.0 |       0 |      21 |   0.0 |   770
          D:10 |       0 |    1768 |   0.0 |       0 |      19 |   0.0 |  1212
         Orc:1 |       0 |    4419 |   0.0 |       0 |      31 |   0.0 |  2525
         Orc:2 |       0 |    6517 |   0.0 |       0 |      56 |   0.0 |  2802
               +---------+---------+-------+---------+---------+-------+---------
